 Dungeon Crawl Stone Soup version 0.31-a0-257-gf185e81a89 (webtiles) character file.

Game seed: 10586710441870888831

1389 qw the Skirmisher (level 8, -5/49 HPs)
             Began as a Gargoyle Hexslinger on July 12, 2023.
             Was an Initiate of Okawaru.
             Slain by Maggie
             ... wielding a +0 broad axe
              (10 damage)
             ... on level 6 of the Dungeon.
             The game lasted 00:02:06 (3776 turns).

qw the Skirmisher (Gargoyle Hexslinger)             Turns: 3776, Time: 00:02:07

Health: -5/49      AC: 14    Str: 12    XL:     8   Next: 68%
Magic:  9/9        EV: 12    Int: 14    God:    Okawaru [......]
Gold:   265        SH:  0    Dex: 14    Spells: 8/9 levels left

rFire   . . .        Y - +0 orcbow
rCold   . . .        (shield currently unavailable)
rNeg    + . .        a - +0 leather armour
rPois   inf          m - +0 helmet
rElec   +            (no cloak)
rCorr   .            d - +0 pair of gloves
SInv    .            (no boots)
Will    .....        f - amulet of regeneration
Stlth   +            l - +4 ring of protection
HPRegen 1.08/turn    (no ring)
MPRegen 0.11/turn

%: no passive effects
@: no status effects
A: sickness immunity, AC +5, negative energy resistance 1, electricity
resistance, torment resistance 1, petrification resistance
a: Renounce Religion


You were on level 6 of the Dungeon.
You worshipped Okawaru.
Okawaru was noncommittal.
You visited 1 branch of the dungeon, and saw 6 of its levels.

You collected 265 gold pieces.


Innate Abilities, Weirdness & Mutations

You are immune to sickness and miasma.
Your stone body is resilient. (AC +5)
You are immune to poison.
You resist negative energy. (rN+)
You are resistant to electric shocks. (rElec)
You are resistant to unholy torment.
You are immune to petrification.


   Skills:
 + Level 5.0 Fighting
 - Level 9.1 Ranged Weapons
 - Level 1.0 Armour
 - Level 2.6 Dodging
 - Level 1.0 Spellcasting
 - Level 2.6 Hexes


You had 8 spell levels left.
You knew the following spells:

 Your Spells              Type           Power      Damage    Failure   Level
a - Slow                  Hex            32%        N/A       11%         1

Your spell library contained the following spells:

 Spells                   Type           Power      Damage    Failure   Level
 Inner Flame              Hex/Fire       4%         N/A       50%         3
 Portal Projectile        Hex/Tloc       8%         N/A       50%         3
 Cause Fear               Hex            4%         N/A       73%         4

Inventory:

Hand Weapons
 Y - a +0 orcbow (weapon)
Armour
 a - a +0 leather armour (worn)
 d - a +0 pair of gloves (worn)
 m - a +0 helmet (worn)
Jewellery
 f - an amulet of regeneration (around neck)
 l - a +4 ring of protection (left hand)
 n - a ring of ice
 p - a ring of fire
Wands
 q - a wand of digging (4)
Scrolls
 g - a scroll of identify
Potions
 e - a potion of mutation
 h - a potion of haste
 i - a potion of curing
 j - a potion of enlightenment

Dungeon Overview and Level Annotations

Branches:
Dungeon (6/15)
 Temple: D:4-7

Altars:
Elyvilon
Okawaru
Ru
The Shining One

Annotations:
D:6 Maggie


Message History

Enter note:
Enter note:
Enter note:
Enter note: Done exploring.
3726 ||| READING 2 scrolls of identify.
As you read the scroll of identify, it crumbles to dust.
c - a potion of brilliance;
3726 ||| IDENTIFYING green potion Done exploring.
3727 ||| DROPPING potion of brilliance.
You drop a potion of brilliance.
Done exploring.
(D) Dungeon
Where to? (* - list waypoints, Enter - D:5 @ (x,y), ? - help)
What level of the Dungeon? (default 1, ? - help)
There is a stone staircase leading down here.
You climb downwards.
There is a stone staircase leading up here.
Waypoint 5 assigned to D:6.
Maggie the Vainglorious comes into view.
She is wielding a +0 broad axe.
You shoot an arrow.
The arrow hits Maggie but does no damage.
Maggie shouts!
You shoot an arrow.
The arrow hits Maggie but does no damage.
Maggie barely misses you.
You shoot an arrow. The arrow closely misses Maggie.
Maggie closely misses you.
You shoot an arrow.
The arrow hits Maggie but does no damage.
Maggie hits you with a +0 broad axe!
You shoot an arrow. The arrow closely misses Maggie.
Maggie hits you with a +0 broad axe!
You shoot an arrow. The arrow hits Maggie.
Maggie is lightly wounded.
Maggie points at you and mumbles some strange words.
The bolt of fire hits you!!
Ouch! That really hurt!
You shoot an arrow. The arrow closely misses Maggie.
Maggie hits you with a +0 broad axe!
You die...

#####
########...#####.#
..........<......#
#######@########.#
#...@......
#.#.####### #.#.#
# #.# #.# #.# #.#


You could see Maggie.

Vanquished Creatures
  2 black bears (D:5)
  3 ogres
  A phantom (D:4)
  4 scorpions
  A gnoll sergeant (D:5)
  2 hounds (D:5)
  An orc priest (D:3)
  A sleepcap (D:5)
  A gnoll bouda (D:5)
  An iguana (D:4)
  4 orc wizards
  8 adders
  10 gnolls
  2 worms
  6 dart slugs
  26 orcs
  6 endoplasms
  A giant cockroach (D:2)
  9 goblins
  3 hobgoblins
  3 jackals (D:4)
  7 kobolds
  7 quokkas
  8 ball pythons
  4 bats
  A frilled lizard (D:2)
  2 rats
  A spectral hobgoblin (D:3)
125 creatures vanquished.

Notes
Turn   | Place    | Note
-------+----------+-------------------------------------------
     0 | D:1      | qw the Gargoyle Hexslinger began the quest for the Orb.
     0 | D:1      | Reached XP level 1. HP: 12/12 MP: 2/2
     0 | D:1      | 0 ||| qw: Version: 0.3-a-52-g30416fa
     0 | D:1      | 0 ||| qw: Game counter: 6810
     0 | D:1      | 0 ||| qw: Melee chars always use a shield: true
     0 | D:1      | 0 ||| qw: God list: Okawaru
     0 | D:1      | 0 ||| qw: Allow faded altars: false
     0 | D:1      | 0 ||| qw: Do Orc after clearing Dungeon:15 true
     0 | D:1      | 0 ||| qw: Do second Lair branch before Depths: true
     0 | D:1      | 0 ||| qw: Lair rune preference: random
     0 | D:1      | 0 ||| qw: Goals: Normal
     0 | D:1      | 0 ||| PLANNING D:1-11
   172 | D:1      | Reached XP level 2. HP: 16/16 MP: 3/3
   533 | D:1      | 533 ||| UPGRADING to +0 pair of gloves.
   538 | D:1      | 538 ||| UPGRADING to +4 ring of protection.
   539 | D:1      | 539 ||| READING scroll labelled AMUKIF ZOADWAK.
   540 | D:1      | 540 ||| READING 3 scrolls labelled DON QAACUSIELOLIT.
   541 | D:1      | 541 ||| READING scroll labelled ISEKURCH LIPN.
   542 | D:1      | 542 ||| READING scroll labelled HUYZOD DUQAU.
   546 | D:1      | 546 ||| READING scroll labelled ZENOORPH XI RUPS.
   556 | D:1      | 556 ||| READING 2 scrolls of identify.
   556 | D:1      | 556 ||| IDENTIFYING viscous amethyst potion
   557 | D:1      | 557 ||| DROPPING scroll of poison.
   575 | D:2      | Reached skill level 3 in Ranged Weapons
   592 | D:2      | Reached XP level 3. HP: 21/21 MP: 4/4
   835 | D:2      | Reached XP level 4. HP: 26/26 MP: 5/5
  1065 | D:2      | Reached skill level 4 in Ranged Weapons
  1288 | D:2      | 1288 ||| UPGRADING to +0 leather armour.
  1298 | D:2      | 1298 ||| DROPPING +0 robe.
  1337 | D:3      | Found a faded altar of an unknown god.
  1338 | D:3      | 1338 ||| Stepping ~*~*~tactically~*~*~ (water).
  1340 | D:3      | 1340 ||| Stepping ~*~*~tactically~*~*~ (water).
  1511 | D:3      | 1511 ||| SWAPPING to +0 orcbow.
  1528 | D:3      | 1528 ||| DROPPING +1 sling.
  1880 | D:3      | Reached XP level 5. HP: 30/30 MP: 6/6
  1912 | D:3      | Reached skill level 5 in Ranged Weapons
  2057 | D:3      | 2057 ||| UPGRADING to +0 helmet.
  2062 | D:3      | 2062 ||| UPGRADING to amulet of regeneration.
  2067 | D:3      | 2067 ||| READING 2 scrolls of identify.
  2067 | D:3      | 2067 ||| IDENTIFYING metallic clear potion
  2068 | D:3      | 2068 ||| DROPPING potion of lignification.
  2104 | D:4      | Noticed a phantom
  2112 | D:4      | Killed a phantom
  2113 | D:4      | Reached skill level 3 in Fighting
  2146 | D:4      | Reached XP level 6. HP: 34/37 MP: 7/7
  2162 | D:4      | Reached skill level 1 in Armour
  2268 | D:4      | Reached skill level 6 in Ranged Weapons
  2437 | D:4      | Reached XP level 7. HP: 43/43 MP: 8/8
  2457 | D:4      | Found the +7 staff of the Meek {protect, meekguard}
  2806 | D:4      | Reached skill level 7 in Ranged Weapons
  2814 | D:4      | 2814 ||| DROPPING ring of magical power.
  2815 | D:4      | 2815 ||| READING scroll labelled WOWNI ICORO.
  2816 | D:4      | 2816 ||| DRINKING 2 glowing yellow potions.
  2817 | D:4      | 2817 ||| DRINKING 2 bubbling coppery potions.
  2843 | D:5      | Entered Level 5 of the Dungeon
  2879 | D:5      | Reached skill level 8 in Ranged Weapons
  2947 | D:5      | Reached XP level 8. HP: 40/48 MP: 9/9
  3180 | D:5      | Found an iron altar of Okawaru.
  3181 | D:5      | 3181 ||| PLANNING OKAWARU WORSHIP
  3181 | D:5      | 3181 ||| DRINKING 2 blue potions.
  3190 | D:5      | Became a worshipper of Warmaster Okawaru
  3191 | D:5      | 3191 ||| PLANNING D:1-11
  3397 | D:5      | Found a sacrificial altar of Ru.
  3400 | D:5      | Found a white marble altar of Elyvilon.
  3466 | D:5      | Reached skill level 9 in Ranged Weapons
  3574 | D:5      | Found a glowing golden altar of the Shining One.
  3726 | D:5      | 3726 ||| READING 2 scrolls of identify.
  3726 | D:5      | 3726 ||| IDENTIFYING green potion
  3727 | D:5      | 3727 ||| DROPPING potion of brilliance.
  3769 | D:6      | Noticed Maggie
  3775 | D:6      | HP: 4/49 [Maggie/bolt of fire (29)]
  3776 | D:6      | Slain by Maggie

Levels and vault maps discovered:
D:1:      wheals_arrival_shading, layout_rooms, roderic_lattice_a
D:2:      layout_basic
D:3:      layout_loops_ring, dreamdust_ecumenical_altar_drowned_temple
D:4:      layout_loops_ring, minmay_misc_feat_room
D:5:      layout_cave_pods, kennysheep_okawaru_gauntlet, tso_oasis_becter,
          nicolae_overflow_squiral, nicolae_grassy_gnolls
D:6:      layout_basic, minmay_temple_entry_stoned_glass, serial_shops,
          nicolae_shop_just_a_little_nook, patterned_corridor, uniq_maggie,
          uniq_prince_ribbit1, uniq_menkaure

Skill      XL: |  1  2  3  4  5  6  7  8 |
---------------+-------------------------+-----
Ranged Weapons | 3 4 5 6 8 9 |  9.1
Fighting       | 2 3 4 5 |  5.0
Armour         | 1 |  1.0
Dodging        | 2 |  2.6
Spellcasting   | |  1.0
Hexes          | |  2.6

Action                     |  1- 3 |  4- 6 |  7- 9 || total
---------------------------+-------+-------+-------++-------
   Fire: Sling             |   114 |    77 |       ||   191
         Orcbow            |       |   179 |   201 ||   380
    Use: Scroll            |     6 |     1 |     2 ||     9
         Potion            |       |       |     3 ||     3
 Armour: Robe              |    34 |     3 |       ||    37
         Leather armour    |       |   140 |    74 ||   214
  Dodge: Dodged            |    41 |   124 |    77 ||   242

Table legend:
 A = Non-vault XP
 B = Vault XP
 C = Vault XP percentage of total XP
 D = Non-vault monster count
 E = Vault monster count
 F = Vault count percentage of total count
                 A         B        C        D         E       F
            +---------+---------+-------+---------+---------+-------
      Total |    1813 |     172 |   8.7 |     117 |       8 |   6.4
            +---------+---------+-------+---------+---------+-------
        D:1 |      18 |       0 |   0.0 |      10 |       0 |   0.0
        D:2 |      85 |       0 |   0.0 |      26 |       0 |   0.0
        D:3 |     108 |       1 |   0.9 |      23 |       1 |   4.2
        D:4 |     688 |       0 |   0.0 |      40 |       0 |   0.0
        D:5 |     914 |     171 |  15.8 |      18 |       7 |  28.0
            +---------+---------+-------+---------+---------+-------
